 Dungeon Crawl Stone Soup version 0.25-a0-659-gdb1d69e (webtiles) character file.

Game seed: 12587842373237298999, levelgen mode: deterministic

97 tatocazan the Gusty (level 4, -1/24 HPs)
             Began as a Tengu Air Elementalist on Mar 22, 2020.
             Slain by Grinder (11 damage)
             ... on level 3 of the Dungeon.
             The game lasted 00:04:00 (3179 turns).

tatocazan the Gusty (Tengu Air Elementalist)        Turns: 3179, Time: 00:04:00

Health: -1/24      AC:  3    Str:  9    XL:     4   Next: 68%
Magic:  2/8        EV: 13    Int: 16    God:
Gold:   138        SH:  0    Dex: 14    Spells: 2/8 levels left

rFire    . . .     SeeInvis .   p - +3 short sword (venom)
rCold    . . .     Gourm    .   (no shield)
rNeg     . . .     Faith    .   a - +0 robe
rPois    .         Spirit   .   (helmet restricted)
rElec    .         Reflect  .   f - +0 cloak
rCorr    .         Harm     .   (no gloves)
MR       .....                  (boots unavailable)
Stlth    ++........             (no amulet)
HPRegen  0.08/turn              d - ring of wizardry
MPRegen  0.11/turn              (no ring)

@: stab
A: beak, talons 3
a: no special abilities


You were on level 3 of the Dungeon.
You were not hungry.

You visited 1 branch of the dungeon, and saw 3 of its levels.

You collected 138 gold pieces.

Inventory:

Hand Weapons
 p - a +3 short sword of venom (weapon)
Armour
 a - a +0 robe (worn)
 f - a +0 cloak (worn)
Jewellery
 d - a ring of wizardry (left hand)
 o - an uncursed ring of protection from cold {unknown}
Scrolls
 e - 3 scrolls of remove curse
 g - a scroll of noise {unknown}
 i - a scroll of teleportation {unknown}
 k - a scroll of blinking {unknown}
 l - a scroll of enchant weapon {unknown}
 n - a scroll of random uselessness {unknown}
Potions
 b - a potion of might {unknown}
 h - a potion of stabbing
 j - a potion of lignification {unknown}
 m - a potion of resistance {unknown}
 q - a potion of curing {unknown}
Comestibles
 c - 6 rations


   Skills:
 + Level 3.0 Dodging
 + Level 2.9 Stealth
 * Level 2.6 Spellcasting
 + Level 2.7 Conjurations
 + Level 4.7 Air Magic


You had 2 spell levels left.
You knew the following spells:

 Your Spells              Type           Power        Failure   Level  Hunger
a - Shock                 Conj/Air       ##..         1%          1    #......
b - Swiftness             Chrm/Air       #.......     4%          2    ##.....
c - Static Discharge      Conj/Air       ##......     5%          3    ###....

Your spell library contained the following spells:

 Spells                   Type           Power        Failure   Level  Hunger
 Airstrike                Air            ###.......   12%         4    #####..
 Lightning Bolt           Conj/Air       ##........   41%         5    ######.


Dungeon Overview and Level Annotations

Branches:
Dungeon (3/15)

Altars:
Ashenzari

Annotations:
D:3 3 runed translucent doors, Grinder; demibob's ghost, amateur MfGl


Innate Abilities, Weirdness & Mutations

You have a beak for a mouth.
You have claws for feet.


Message History

Confirm with . or Enter, or press ? or * to list all spells.
Grinder is struck by an arc of lightning.
Grinder is moderately wounded.
You are struck by an arc of lightning.
The lightning grounds out.
Grinder closely misses you.
You take 1 damage, and have 15/24 hp.
You now have 5/8 mp.
Casting: Static Discharge (safe; 5% risk of failure)
Confirm with . or Enter, or press ? or * to list all spells.
Grinder is struck by an arc of lightning!
Grinder is heavily wounded.
You are struck by an arc of lightning.
The lightning grounds out.
Grinder hits you.
You writhe in agony.
You take 5 damage, and have 10/24 hp.
MASSIVE DAMAGE!!
You now have 2/8 mp.
Casting: Static Discharge (safe; 5% risk of failure)
Confirm with . or Enter, or press ? or * to list all spells.
You don't have enough magic to cast that spell.
It was a potion of stabbing.
You feel ready to backstab. Grinder hits you!
You die...

### #.# #.. #.# #5#
######## #@#
#####......# #.#
...........#####.###.#
....................>#
####<......#####.#####
##......# #.# #......#
#.. #...#### ####
#...#


You could see Grinder.

Vanquished Creatures
  A centaur skeleton (D:2)
  An adder (D:2)
  A worm (D:3)
  A dart slug (D:2)
  2 ball pythons
  3 giant cockroaches
  11 goblins
  4 hobgoblins
  2 jackals (D:2)
  5 kobolds
  3 quokkas
  7 bats
  7 frilled lizards
  6 rats
54 creatures vanquished.

Vanquished Creatures (others)
  A plant (D:3)
1 creature vanquished.

Grand Total: 55 creatures vanquished

Notes
Turn   | Place    | Note
-------+----------+-------------------------------------------
     0 | D:1      | tatocazan the Tengu Air Elementalist began the quest for
                  | the Orb.
     0 | D:1      | Reached XP level 1. HP: 10/10 MP: 4/4
   294 | D:1      | Reached XP level 2. HP: 15/15 MP: 4/6
  1417 | D:2      | Reached XP level 3. HP: 19/19 MP: 5/7
  1450 | D:2      | Learned a level 2 spell: Swiftness
  1681 | D:2      | Found a shattered altar of Ashenzari.
  2429 | D:2      | Reached XP level 4. HP: 24/24 MP: 5/8
  2784 | D:2      | Learned a level 3 spell: Static Discharge
  2809 | D:3      | Identified the +6 dagger of Coeninam {vorpal, rC++ Int+4
                  | Dex-4}
  2810 | D:3      | Found a runed translucent gate.
  2811 | D:3      | Found a runed translucent gate.
  2812 | D:3      | Found a runed translucent gate.
  2812 | D:3      | Noticed demibob's ghost (amateur MfGl)
  3172 | D:3      | Noticed Grinder
  3179 | D:3      | Slain by Grinder

Levels and vault maps discovered:
D:1:      psy_arrival_whirlpool, layout_loops_corners, minmay_distorted
D:2:      layout_basic, nicolae_overflow_hidden_temple
D:3:      layout_basic, biasface_ghost_orc_armoury, chequers_big_river,
          uniq_grinder, uniq_robin

Skill      XL: |  1  2  3  4 |
---------------+-------------+-----
Conjurations   | 2 |  2.7
Dodging        | 3 |  3.0
Stealth        | |  2.9
Spellcasting   | |  2.6
Air Magic      | |  4.7

Action                   |  1- 3 |  4- 6 || total
-------------------------+-------+-------++-------
Melee: Dagger            |    42 |       ||    42
       Kick              |    11 |     3 ||    14
       Peck              |     5 |     3 ||     8
       Short sword       |    20 |    30 ||    50
 Cast: Shock             |    45 |     2 ||    47
       Static Discharge  |       |     2 ||     2
       Swiftness         |       |     1 ||     1
  Use: Scroll            |     1 |     1 ||     2
       Potion            |       |     1 ||     1
 Stab: Sleeping          |     3 |     2 ||     5
  Eat: Chunk             |     5 |     3 ||     8
Armor: Robe              |    11 |     4 ||    15
Dodge: Dodged            |    46 |    14 ||    60

Table legend:
 A = Non-vault XP
 B = Vault XP
 C = Vault XP percentage of total XP
 D = Non-vault monster count
 E = Vault monster count
 F = Vault count percentage of total count
                 A         B        C        D         E       F
            +---------+---------+-------+---------+---------+-------
      Total |     136 |       3 |   2.2 |      52 |       2 |   3.7
            +---------+---------+-------+---------+---------+-------
        D:1 |      27 |       3 |  10.0 |      18 |       2 |  10.0
        D:2 |      89 |       0 |   0.0 |      24 |       0 |   0.0
        D:3 |      20 |       0 |   0.0 |      10 |       0 |   0.0
            +---------+---------+-------+---------+---------+-------
